Map: New Repugnancy LE

Players

GameOfDrones - Winner!

  • Race: Zerg Zerg
  • League: Platinum
  • Spawn Location: 1:00

PeLLy

  • Race: Zerg Zerg
  • League: Diamond
  • Spawn Location: 7:00

VOD

Have the link to the VOD?

Description

Time

  • Played on: Aug. 7, 2019, 4:01 p.m.
  • Length: 17:27
Show
View Real Time Build Order
Export as new Build Order

GameOfDrones Zerg - Winner!

Build Orders: Hatch First 

Get SALT Encoding   

  12  0:02  Drone  
  13  0:08  Drone  
  14  0:16  Overlord  
  14  0:35  Drone x3  
  17  0:54  Hatchery  
  16  1:13  Spawning Pool  
  16  1:14  Drone, Extractor  
  16  1:16  Drone  
  16  1:24  Drone  
  17  1:37  Drone x2  
  20  1:47  Drone  
  20  2:00  Zergling x2  
  21  2:05  Queen  
  21  2:07  Overlord  
  23  2:13  Metabolic Boost  
  23  2:14  Queen  
  25  2:16  Drone  
  26  2:25  Drone  
  26  2:27  Drone  
  28  2:36  Zergling x2  
  29  2:39  Zergling x4  
  31  2:48  Zergling x2  
  31  2:50  Zergling x2  
  33  2:58  Roach Warren  
  33  2:59  Zergling x2  
  33  3:01  Drone  
  33  3:03  Overlord  
  34  3:16  Zergling x4  
  34  3:18  Overlord  
  36  3:24  Queen  
  38  3:28  Drone, Extractor  
  38  3:30  Drone x3  
  39  3:57  Roach x3  
  39  3:58  Roach x3  
  39  3:59  Overlord  
  49  4:12  Overlord  
  49  4:17  Evolution Chamber  
  46  4:27  Roach  
  46  4:28  Roach x4  
  46  4:29  Roach  
  58  4:33  Drone  
  58  4:38  Drone x2  
  61  4:40  Drone  
  62  4:46  Zerg Missile Weapons Level 1  
  62  4:48  Drone  
  63  5:01  Roach x2  
  63  5:04  Overlord  
  67  5:22  Drone x2  
  67  5:23  Drone x2  
  67  5:24  Drone x3  
  67  5:25  Overlord  
  71  5:43  Lair  
  71  5:45  Drone x2  
  69  6:06  Roach x6  
  69  6:09  Ravager x3  
  84  6:16  Overlord  
  84  6:21  Extractor  
  84  6:22  Extractor  
  82  6:29  Hatchery  
  56  6:41  Roach x4  
  56  6:42  Roach x3  
  68  7:03  Roach  
  68  7:04  Roach x5  
  80  7:21  Zerg Missile Weapons Level 2  
  80  7:23  Roach x4  
  80  7:27  Drone x4  
  92  7:43  Hatchery  
  91  7:44  Drone  
  91  7:45  Spire  
  91  7:46  Overlord x2  
  91  7:54  Queen  
  80  8:07  Drone x2  
  80  8:08  Drone  
  80  8:11  Drone x2  
  83  8:13  Drone x2  
  83  8:14  Drone x2  
  83  8:16  Ravager x4  
  89  8:23  Drone  
  90  8:30  Drone x3  
  93  8:41  Roach  
  93  8:43  Drone  
  93  8:44  Drone  
  97  8:59  Drone, Mutalisk x3  
  104  9:13  Mutalisk  
  104  9:24  Mutalisk  
  106  9:40  Mutalisk x2  
  100  9:58  Mutalisk  
  100  9:59  Overlord  
  88  10:01  Roach x4, Zergling x4  
  88  10:02  Zergling x4  
  88  10:03  Zergling x2  
  65  10:39  Roach x3  
  71  10:45  Drone x3, Queen  
  71  10:46  Infestation Pit  
  75  10:59  Hatchery  
  74  11:06  Mutalisk  
  74  11:07  Mutalisk x3  
  82  11:13  Drone x2  
  82  11:16  Extractor  
  82  11:17  Extractor  
  82  11:23  Drone  
  83  11:27  Zerg Flyer Weapons Level 1  
  83  11:29  Drone  
  83  11:30  Drone x3  
  87  11:33  Extractor  
  87  11:37  Drone  
  87  11:43  Infestor x2  
  91  12:03  Roach x5  
  91  12:04  Roach, Infestor  
  103  12:16  Drone x2  
  103  12:17  Drone x3  
  108  12:24  Drone  
  108  12:25  Queen  
  108  12:26  Queen  
  113  12:38  Infestor x2  
  113  12:43  Hydralisk Den  
  116  12:50  Evolution Chamber  
  115  12:56  Roach x2  
  115  12:57  Roach x2  
  123  13:04  Hive  
  123  13:07  Drone x3, Queen  
  128  13:13  Drone, Extractor  
  128  13:14  Overlord x4  
  126  13:20  Grooved Spines  
  126  13:23  Glial Reconstitution  
  126  13:31  Drone x2  
  126  13:34  Drone x2  
  130  13:36  Overseer x4  
  130  13:51  Drone x4  
  130  13:53  Hydralisk x4  
  130  13:55  Hydralisk  
  142  13:56  Hydralisk x3  
  142  13:57  Hydralisk x3  
  142  13:59  Roach  
  142  14:00  Roach  
  142  14:02  Overlord  
  160  14:13  Overlord  
  160  14:14  Overlord x2  
  160  14:34  Muscular Augments  
  160  14:36  Drone x2  
  160  14:38  Drone x3  
  163  14:39  Drone  
  166  14:45  Zerg Missile Weapons Level 3  
  166  14:46  Zerg Ground Armor Level 1  
  166  14:48  Roach  
  166  14:51  Roach  
  166  14:52  Roach x2, Hydralisk x4  
  174  14:54  Infestor  
  174  14:56  Overlord  
  184  15:26  Overlord x4  
  184  15:37  Hatchery  
  184  15:41  Hydralisk x2  
  184  15:42  Hydralisk x2  
  191  15:57  Roach x3  
  191  15:58  Roach  
  150  16:27  Roach x4  
  150  16:28  Roach x2, Hydralisk x6  
  170  16:39  Roach x3, Hydralisk  
  178  16:40  Roach  
  162  17:04  Roach x2  
  162  17:05  Roach  
Show
View Real Time Build Order
Export as new Build Order

PeLLy Zerg 

Build Orders: Hatch First, Lurkers 

Get SALT Encoding   

  12  0:01  Drone  
  13  0:12  Overlord  
  13  0:17  Drone  
  14  0:30  Drone x2  
  14  0:34  Drone  
  17  0:52  Hatchery  
  17  0:56  Drone  
  17  1:01  Drone, Extractor  
  17  1:16  Spawning Pool  
  17  1:18  Drone  
  17  1:21  Drone  
  18  1:28  Drone  
  19  1:41  Overlord  
  19  1:50  Drone  
  20  2:03  Queen x2  
  24  2:16  Drone x4  
  28  2:24  Drone  
  28  2:26  Drone  
  28  2:29  Metabolic Boost  
  30  2:37  Drone x2  
  30  2:44  Overlord  
  32  2:54  Drone x2  
  34  3:02  Queen  
  36  3:19  Evolution Chamber  
  35  3:20  Evolution Chamber  
  35  3:22  Baneling Nest  
  33  3:27  Spine Crawler  
  32  3:37  Queen  
  32  3:42  Zergling x20  
  32  3:46  Queen  
  33  4:06  Drone x6  
  37  4:27  Drone  
  37  4:28  Drone x4  
  41  4:34  Zerg Ground Armor Level 1  
  41  4:37  Zergling x2  
  42  4:42  Lair  
  42  4:50  Drone x2  
  44  4:55  Spore Crawler  
  43  5:04  Spore Crawler  
  43  5:06  Zergling x4  
  44  5:08  Overlord  
  44  5:09  Overlord  
  44  5:13  Baneling x4  
  44  5:21  Spine Crawler  
  44  5:26  Spine Crawler  
  41  5:41  Spine Crawler  
  40  5:43  Hydralisk Den  
  40  5:46  Zergling x18  
  40  5:47  Zergling x6  
  49  6:08  Zergling x8  
  49  6:09  Zergling x4  
  55  6:15  Evolution Chamber  
  55  6:17  Drone x2  
  55  6:18  Drone  
  57  6:21  Queen  
  57  6:25  Overlord  
  54  6:37  Zergling x6  
  52  6:45  Drone x3  
  55  6:48  Zerg Melee Weapons Level 1  
  55  7:00  Hydralisk x3  
  61  7:11  Extractor  
  61  7:13  Extractor  
  59  7:19  Hatchery  
  58  7:31  Drone  
  58  7:32  Drone x3  
  58  7:37  Drone x5  
  66  7:58  Zergling x12  
  58  8:08  Hydralisk  
  58  8:09  Hydralisk x4  
  58  8:11  Overlord  
  66  8:33  Drone x2  
  66  8:34  Drone x7  
  75  8:45  Hydralisk x3  
  81  8:53  Extractor  
  80  9:00  Zerg Melee Weapons Level 2  
  78  9:18  Overlord x4  
  75  9:42  Hydralisk  
  75  9:43  Hydralisk x8  
  78  9:53  Hydralisk x2  
  78  9:59  Hydralisk  
  71  10:02  Zergling x6  
  65  10:22  Zergling x12  
  69  10:33  Hatchery  
  68  10:36  Queen  
  68  10:37  Queen  
  72  10:45  Extractor  
  72  10:48  Extractor  
  70  10:59  Lurker Den  
  70  11:00  Spore Crawler  
  68  11:04  Spore Crawler  
  68  11:06  Spore Crawler, Spine Crawler  
  65  11:31  Hydralisk x9  
  83  11:39  Extractor  
  82  11:45  Queen  
  84  11:49  Spore Crawler  
  83  12:04  Overlord x2  
  83  12:05  Overlord  
  83  12:11  Spore Crawler  
  83  12:14  Spore Crawler  
  81  12:18  Spore Crawler  
  81  12:20  Queen  
  82  12:29  Drone x3  
  85  12:31  Drone x2  
  85  12:32  Drone  
  85  12:36  Lurker x2  
  90  12:52  Drone x2  
  90  12:53  Drone x5  
  90  12:55  Drone  
  98  13:00  Zerg Missile Weapons Level 1  
  98  13:10  Lurker x3  
  101  13:28  Lurker  
  102  13:37  Overseer x2  
  102  13:38  Drone x4  
  102  13:40  Overlord x2  
  106  13:51  Grooved Spines  
  106  13:57  Infestation Pit  
  105  14:05  Hydralisk x2  
  105  14:06  Hydralisk  
  111  14:13  Hatchery  
  110  14:27  Spore Crawler  
  110  14:28  Drone x7  
  116  14:42  Hive  
  116  14:45  Extractor, Overlord  
  116  14:51  Zergling x4  
  117  14:53  Extractor  
  117  14:59  Baneling Nest  
  115  15:02  Muscular Augments  
  115  15:16  Drone x2  
  115  15:17  Drone x9  
  126  15:36  Hydralisk x5  
  117  16:11  Zergling x2  
  117  16:12  Zergling x34  
  94  16:24  Zergling x6  
  94  16:25  Zergling x2  
  72  16:37  Baneling x11  
  72  16:38  Baneling x3  
  71  16:45  Hydralisk x6  
  72  17:00  Zergling x6  
Tags
 
Add a new tag
Caveats
  • Supply blocks, unpowered buildings, or Contaminate may cause inaccurate times.
  • Supply counts are checked every 10 seconds.